 Dungeon Crawl Stone Soup version 0.31.0-1-g2c135a0 (webtiles) character file.

Game seed: 1651719854965781122

36531 francois the Bludgeoner (level 13, 0/116 HPs)
             Began as a Minotaur Berserker on Feb 9, 2024.
             Was a High Priest of Trog.
             Slain by a black mamba (5 damage)
             ... on level 5 of the Lair of Beasts.
             The game lasted 01:11:55 (15644 turns).

francois the Bludgeoner (Minotaur Berserker)       Turns: 15644, Time: 01:11:55

Health: 0/116      AC: 15    Str: 21    XL:     13   Next: 53%
Magic:  12/12      EV: 11    Int:  3    God:    Trog [*****.]
Gold:   968        SH:  0    Dex: 19    Spells: 12/12 levels left

rFire   . . .        C - +3 flail (protect)
rCold   . . .        u - +0 kite shield of Hubris {Rampage}
rNeg    . . .        k - +1 chain mail
rPois   +            (helmet restricted)
rElec   .            f - +1 cloak
rCorr   .            (no gloves)
SInv    +            (no boots)
Will    ++...        (no amulet) Stlth
                     g - ring of see invisible
HPRegen 1.39/turn    l - ring of poison resistance
MPRegen 0.13/turn

%: rampage
@: confused, lethally poisoned (0 -> -11), ambrosia-drunk, strong-willed, on
berserk cooldown, regenerating, slowed, invisible, very slow
A: horns 2, retaliatory headbutt, agile 1
a: Renounce Religion, Berserk, Trog's Hand, Brothers in Arms


You were on level 5 of the Lair of Beasts.
You worshipped Trog.
Trog was extremely pleased with you.
You visited 2 branches of the dungeon, and saw 15 of its levels.
You also visited: Ossuary.

You collected 968 gold pieces.

Inventory:

Hand Weapons
 a - a +1 mace of freezing
 q - a +0 flail
 v - a +3 flail
 C - a +3 flail of protection (weapon)
 I - a +0 quarterstaff
 N - the +9 quarterstaff "Jodygedoa" {flame, ^Drain rN+ Int+3 Dex+2}
   (You found it on level 2 of the Lair of Beasts)

   Int+3:     It affects your intelligence (+3).
   Dex+2:     It affects your dexterity (+2).
   rN+:       It protects you from negative energy.
   ^Drain:    It drains your maximum health when unequipped.
Armour
 b - a +0 animal skin
 d - the +4 hat "Veufac" {Dex+3}
   (You acquired it on level 1 of the Dungeon)

   Dex+3:     It affects your dexterity (+3).
 e - a +0 ring mail
 f - a +1 cloak (worn)
 k - a +1 chain mail (worn)
 m - a +0 troll leather armour
 t - +0 acid dragon scales
 u - the +0 kite shield of Hubris (worn) {Rampage}
   (You found it on level 5 of the Dungeon)

   Rampage:   It bestows one free step when moving towards enemies.
 J - a +2 hat
Jewellery
 c - an amulet of magic regeneration
 g - a ring of see invisible (left hand)
 l - a ring of poison resistance (right hand)
 s - an amulet of guardian spirit
 B - a ring of magical power
 E - a +6 ring of intelligence
 M - a ring of magical power
Talismans
 o - a maw talisman
Wands
 i - a wand of roots (13)
 j - a wand of flame (60)
 F - a wand of light (12)
 G - a wand of digging (4)
Scrolls
 h - 4 scrolls of noise
 n - 4 scrolls of teleportation
 p - 8 scrolls of identify
 r - 2 scrolls of immolation
 y - 2 scrolls of enchant armour
 z - 4 scrolls of poison
 D - 4 scrolls of vulnerability
 H - 2 scrolls of acquirement
Potions
 w - a potion of magic
 x - 2 potions of haste
 A - 2 potions of ambrosia
 L - a potion of resistance
 P - a potion of might
Miscellaneous
 K - a lightning rod (3/4)


   Skills:
 + Level 11.4 Fighting
 + Level 16.6 Maces & Flails
 - Level 1.0 Throwing
 * Level 12.1 Armour
 + Level 6.1 Dodging
 - Level 1.0 Stealth
 * Level 14.8 Shields
 + Level 0.3 Evocations


You had 12 spell levels left.
You didn't know any spells.
Your spell library was empty.

Dungeon Overview and Level Annotations

Branches:
Dungeon (10/15)            Temple (0/1) D:6            Lair (5/5) D:10
  Swamp (0/4) Lair:3        Snake (0/4) Lair:2        Slime (0/5) Lair:4
Ossuary (visited)
    Orc: D:9-12

Altars:
Cheibriados
Dithmenos
Gozag
Hepliaklqana
Nemelex Xobeh
Okawaru
Sif Muna
Uskayaw
Wu Jian
Xom
Zin
Jiyva

Portals:
Trove: D:10 (give 2 scrolls of acquirement)

Annotations:
Lair:1 exclusion: oklob plant


Innate Abilities, Weirdness & Mutations

You have a pair of horns on your head.
You reflexively headbutt those who attack you in melee.
You are agile. (Dex +4, Str/Int -1)


Message History

You block the wolf's attack. The black mamba bites you!
* * * LOW HITPOINT WARNING * * *
The komodo dragon is engulfed in poison gas.
The komodo dragon looks as sick as possible!
The komodo dragon bites you but does no damage.
The wolf bites you but does no damage. You block the black mamba's attack.
You feel better. The wolf bites you!
* * * LOW HITPOINT WARNING * * *
The blink frog blinks!
You block the black mamba's attack.
The komodo dragon is engulfed in poison gas.
The komodo dragon looks as sick as possible!
The komodo dragon barely misses you. The wolf closely misses you.
The black mamba bites you but does no damage.
The komodo dragon is engulfed in poison gas.
The komodo dragon looks as sick as possible!
You kill the komodo dragon!
Trog accepts your kill. The wolf bites you!
* * * LOW HITPOINT WARNING * * *
Okay, then.
You fade into invisibility!
Trog accepts your kill.
Trog will now gift you melee weapons as you gain piety.
You feel a bit more experienced.
The black mamba bites you but does no damage.
You block the black mamba's attack. You block the wolf's attack.
The vampire mosquito bites you but does no damage.
You block the black mamba's attack. The vampire mosquito barely misses you.
The wolf barely misses you. You furiously retaliate!
You headbutt the wolf!
You kill the wolf!
Trog accepts your kill.
You are confused.
You feel invigorated. The vampire mosquito barely misses you.
The black mamba bites you.
* * * LOW HITPOINT WARNING * * *
The vampire mosquito barely misses you. The black mamba bites you!
* * * LOW HITPOINT WARNING * * *
You are lethally poisoned!
The black mamba poisons you! The black mamba bites you.
You die...

#.#.#.....#......##~.~~
###..#○☼§........#..~~~
#.#○§○°.#......#..~~~
###§○○☼§.#.....P.~~~~
##°§§§P##.....~~~h~
#○§°.°.##.F..l.~≈~
##○§§○###......~PS
##§☼°§☼##h..~~~≈≈
#§§○§☼@#...w.~~≈~
#P°☼○†yS☼#.P.~≈~#
###○○○°..#...≈###
#☼.☼☼§§#.P~~~#
#○#☼○°.°.~.~~#
#§##§§.°§§~~~~≈~ #☼
##§.○○○○..≈≈≈ ##
°§°○○§§○~ #.......~


You could see a black mamba (unable to see you) and a vampire mosquito (unable
to see you).

Vanquished Creatures
  Kirke (Lair:4)
  Gastronok (Lair:1)
  A hydra (Lair:3)
  3 death yaks (Lair:1)
  Sonja (Lair:2)
  2 spriggan druids (Lair:3)
  4 elephants (Lair:4)
  10 cane toads
  2 black mambas (Lair:4)
  A torpor snail (Lair:4)
  Maggie (D:7)
  9 komodo dragons
  2 rime drakes
  Psyche (D:8)
  A polar bear (Lair:2)
  Grinder (D:4)
  A troll (D:6)
  A hornet (D:8)
  4 dream sheep (Lair:4)
  20 blink frogs
  A tyrant leech (Lair:5)
  2 slime creatures (D:10)
  3 wyverns
  45 yaks
  2 steam dragons (D:7)
  2 basilisks (Lair:1)
  A hog (Lair:4)
  2 vampire mosquitoes (D:9)
  Menkaure (D:7)
  3 nagas (Lair:2)
  An acid dragon (D:9)
  11 water moccasins
  6 ice beasts
  3 black bears
  6 orc warriors
  3 ogres
  18 wolves
  2 centaurs
  A phantom (D:4)
  17 bullfrogs
  A kobold brigand (D:6)
  7 scorpions
  9 wights
  3 killer bees (D:9)
  4 howler monkeys
  5 orc priests
  4 hounds
  4 jellies
  Crazy Yiuf (D:3)
  An iguana (D:5)
  A sleepcap (D:6)
  Jessica (D:3)
  2 gnoll boudas
  Ijyb (D:3)
  8 orc wizards
  6 scorpion zombies (Ossuary)
  Natasha (D:3)
  3 mummies (Ossuary)
  7 adders
  7 gnolls
  2 white imps
  2 ufetubi (D:5)
  2 adder zombies (Ossuary)
  3 dart slugs
  22 orcs
  4 bats
  7 endoplasms
  8 hobgoblins
  7 jackals
  10 quokkas
  5 ball pythons
  5 frilled lizards
  3 gnoll zombies (Ossuary)
  7 goblins
  3 jackal zombies (Ossuary)
  2 kobolds
  3 kobold zombies (Ossuary)
  4 rats
372 creatures vanquished.

Notes
Turn   | Place    | Note
-------+----------+-------------------------------------------
     0 | D:1      | francois the Minotaur Berserker began the quest for the
                  | Orb.
     0 | D:1      | Reached XP level 1. HP: 19/19 MP: 0/0
    96 | D:1      | Reached skill level 4 in Maces & Flails
    96 | D:1      | Reached XP level 2. HP: 25/27 MP: 1/1
   617 | D:1      | Reached XP level 3. HP: 29/33 MP: 2/2
   796 | D:1      | Identified a scroll of acquirement
   796 | D:1      | Acquired the +4 hat "Veufac" {Dex+3}
  1014 | D:2      | Reached ** piety under Trog
  1155 | D:2      | Reached XP level 4. HP: 41/41 MP: 3/3
  1672 | D:2      | Reached skill level 5 in Maces & Flails
  1812 | D:3      | Reached XP level 5. HP: 47/47 MP: 4/4
  1880 | D:3      | Found a runed translucent door.
  1881 | D:3      | Noticed Crazy Yiuf
  1936 | D:3      | Killed Crazy Yiuf
  2031 | D:3      | Noticed Jessica
  2035 | D:3      | Killed Jessica
  2119 | D:3      | Noticed Ijyb
  2127 | D:3      | Killed Ijyb
  2128 | D:3      | Reached skill level 6 in Maces & Flails
  2381 | D:3      | Noticed Natasha
  2391 | D:3      | Killed Natasha
  2570 | D:4      | Noticed a phantom
  2570 | D:4      | Found an ornate altar of the Wu Jian Council.
  2575 | D:4      | Killed a phantom
  2576 | D:4      | Reached XP level 6. HP: 55/55 MP: 5/5
  2696 | D:4      | Found an opulent altar of Gozag.
  2712 | D:4      | Reached skill level 5 in Fighting
  2770 | D:4      | Reached skill level 7 in Maces & Flails
  2912 | D:4      | Reached XP level 7. HP: 61/61 MP: 6/6
  2939 | D:4      | Reached skill level 5 in Armour
  3029 | D:4      | Noticed Grinder
  3067 | D:4      | Paralysed by Grinder for 3 turns
  3084 | D:4      | Killed Grinder
  3116 | D:4      | Reached skill level 8 in Maces & Flails
  3310 | D:4      | Found a glowing silver altar of Zin.
  3700 | D:5      | Entered Level 5 of the Dungeon
  3764 | D:5      | Reached XP level 8. HP: 64/70 MP: 7/7
  3781 | D:5      | Reached skill level 1 in Stealth
  3789 | D:5      | Reached *** piety under Trog
  3801 | D:5      | Reached skill level 9 in Maces & Flails
  4020 | D:5      | Found a sparkling altar of Nemelex Xobeh.
  4043 | D:5      | Found a shimmering altar of Xom.
  4077 | D:5      | Found a shadowy altar of Dithmenos.
  4077 | D:5      | Found an iron altar of Okawaru.
  4171 | D:5      | Found a hazy altar of Hepliaklqana.
  4207 | D:5      | Found a sand-covered staircase.
  4216 | Ossuary  | Entered an ossuary
  4345 | Ossuary  | Reached skill level 10 in Maces & Flails
  4662 | D:5      | Identified the +0 kite shield of Hubris {Rampage}
  5161 | D:6      | Reached XP level 9. HP: 78/78 MP: 8/8
  5323 | D:6      | Reached skill level 1 in Shields
  5362 | D:6      | Gained mutation: You are covered in fur. (AC +1) [potion of
                  | mutation]
  5362 | D:6      | Gained mutation: You passively map a small area around you.
                  | [potion of mutation]
  5363 | D:6      | Lost mutation: You passively map a small area around you.
                  | [potion of mutation]
  5363 | D:6      | Lost mutation: You are covered in fur. (AC +1) [potion of
                  | mutation]
  5363 | D:6      | Gained mutation: You are agile. (Dex +4, Str/Int -1)
                  | [potion of mutation]
  5431 | D:6      | Reached skill level 11 in Maces & Flails
  5498 | D:6      | Found a staircase to the Ecumenical Temple.
  5509 | D:6      | Noticed a troll
  5516 | D:6      | Killed a troll
  6036 | D:7      | Found a snail-covered altar of Cheibriados.
  6336 | D:7      | Reached **** piety under Trog
  6411 | D:7      | Reached skill level 12 in Maces & Flails
  6462 | D:7      | Noticed Maggie
  6486 | D:7      | Killed Maggie
  6493 | D:7      | Noticed Menkaure
  6667 | D:7      | Killed Menkaure
  6844 | D:8      | Noticed Psyche
  6929 | D:8      | Reached XP level 10. HP: 77/86 MP: 9/9
  6964 | D:8      | Reached skill level 13 in Maces & Flails
  6964 | D:8      | Reached skill level 1 in Throwing
  6982 | D:8      | Found a shimmering blue altar of Sif Muna.
  7016 | D:8      | Killed Psyche
  7642 | D:9      | Reached skill level 5 in Shields
  7946 | D:9      | Reached skill level 14 in Maces & Flails
  8042 | D:9      | Found a hide-covered altar of Uskayaw.
  8043 | D:9      | Noticed a +0 hand axe
  8043 | D:9      | Noticed a +0 dagger
  8099 | D:9      | Noticed a sixfirhy
  8113 | D:9      | Noticed a smoke demon
  8419 | D:10     | Entered Level 10 of the Dungeon
  8760 | D:10     | Found a portal to a secret trove of treasure.
  8931 | D:10     | Reached XP level 11. HP: 95/95 MP: 10/10
  8931 | D:10     | Found a staircase to the Lair.
  8977 | Lair:1   | Entered Level 1 of the Lair of Beasts
  9005 | Lair:1   | Reached skill level 5 in Dodging
  9060 | Lair:1   | You fall into a shaft and drop 1 floor!
  9222 | Lair:1   | Noticed Gastronok
  9256 | Lair:1   | Killed Gastronok
  9550 | Lair:1   | Reached skill level 15 in Maces & Flails
  9895 | Lair:1   | Noticed a death yak
  9913 | Lair:1   | Killed a death yak
 10032 | Lair:1   | Noticed a death yak
 10061 | Lair:1   | Killed a death yak
 10062 | Lair:1   | Noticed a death yak
 10077 | Lair:1   | Killed a death yak
 10078 | Lair:1   | Reached skill level 10 in Shields
 10116 | Lair:1   | Reached XP level 12. HP: 102/106 MP: 11/11
 10128 | Lair:1   | Reached ***** piety under Trog
 10347 | Lair:1   | Reached skill level 10 in Fighting
 10385 | Lair:1   | Reached skill level 10 in Armour
 10582 | Lair:1   | Reached skill level 16 in Maces & Flails
 11667 | Lair:2   | Noticed Sonja
 11930 | Lair:2   | Killed Sonja
 11975 | Lair:2   | Identified the +9 quarterstaff "Jodygedoa" {flame, ^Drain
                  | rN+ Int+3 Dex+2}
 12003 | Lair:2   | Found a staircase to the Snake Pit.
 12679 | Lair:3   | Noticed a seven-headed hydra
 13371 | Lair:3   | Killed a seven-headed hydra
 13372 | Lair:3   | Reached XP level 13. HP: 98/115 MP: 12/12
 13445 | Lair:3   | Found a staircase to the Swamp.
 14900 | Lair:4   | Noticed Kirke
 15163 | Lair:4   | Killed Kirke
 15170 | Lair:4   | Found a viscous altar of Jiyva.
 15180 | Lair:4   | Found a staircase to the Slime Pits.
 15461 | Lair:5   | Entered Level 5 of the Lair of Beasts
 15644 | Lair:5   | HP: 5/116 [black mamba (11)]
 15644 | Lair:5   | Slain by a black mamba

Illustrated notes

Levels and vault maps discovered:
D:1:      dpeg_arrival_tiny_a, layout_basic, amethyst_killhole
D:2:      layout_basic
D:3:      layout_basic, uniq_natasha, uniq_jessica, uniq_ijyb,
          uniq_crazy_yiuf_cottage
D:4:      layout_loops_cross, grunt_gozag_statues, old_standard_altar,
          zin_academy, nicolae_half_adder, uniq_grinder
D:5:      layout_basic, grunt_temple_overflow_open,
          lemuel_coloured_pillars_altar, nicolae_hepliaklqana_hazy_memory,
          serial_rivers, chequers_serial_rivers_room_a,
          chequers_serial_rivers_micro_c, chequers_serial_rivers_marsh,
          chequers_serial_rivers_micro_d, chequers_serial_rivers_small_3,
          chequers_serial_rivers_micro_e, enter_ossuary_1, minmay_checkerbox
D:6:      layout_basic, minmay_temple_entry_statues_pillars,
          blue_anna_alchemist, kennysheep_pointless_box,
          kennysheep_generic_room_10
D:7:      layout_basic, mainiacjoe_overflow_paths, uniq_menkaure, uniq_maggie
D:8:      layout_rooms, mainiacjoe_overflow_chevrons,
          minmay_misc_feat_nine_boxes, lemuel_flamethrower_1, uniq_psyche
D:9:      layout_roguey, dancing_weapons_uskayaw
D:10:     layout_stronghold, jmf_multi_god_temple2, hellmonk_lair_entry_icy,
          nicolae_trove_entry_free_sample
Lair:1:   layout_roguey, wad_woods_06, dreamdust_gnoll_shepherd,
          infiniplex_staircase_pool_2, grunt_megastairs_3, uniq_gastronok
Lair:2:   layout_layer_cave, nicolae_snake_entry_squirm, serial_rivers,
          chequers_serial_rivers_micro_c, chequers_serial_rivers_micro_b,
          chequers_serial_rivers_small_a, chequers_serial_rivers_large_a,
          chequers_serial_rivers_small_b, nicolae_lair_grove_arrangements,
          lemuel_fruit_tree, uniq_sonja
Lair:3:   layout_cellular_growth, mainiacjoe_swamp_entry_angry_trees
Lair:4:   layout_layer_cave, dpeg_slime_entry_enclosed, uniq_kirke
Lair:5:   minmay_lair_end_frog_pond, layout_cave_pods, gauntlet_entry_generic

Skill      XL: |  1  2  3  4  5  6  7  8  9 10 11 12 13 |
---------------+----------------------------------------+-----
Maces & Flails | 4 5 6 7 8 10 12 14 15 16 | 16.6
Fighting       | 4 5 6 7 8 9 10 11 | 11.4
Armour         | 3 4 6 7 8 9 11 12 | 12.1
Dodging        | 3 4 5 6 |  6.1
Stealth        | 1 |  1.0
Shields        | 3 7 10 13 14 | 14.8
Throwing       | 1 |  1.0
Evocations     | |  0.3

Action                     |  1- 3 |  4- 6 |  7- 9 | 10-12 | 13-15 || total
---------------------------+-------+-------+-------+-------+-------++-------
  Melee: Mace              |    75 |    89 |   209 |       |       ||   373
         Headbutt          |     8 |    17 |    78 |   229 |    65 ||   397
         Punch             |       |       |     1 |       |       ||     1
         Flail             |       |       |    95 |   771 |   233 ||  1099
  Throw: Throwing net      |       |       |     4 |     2 |       ||     6
 Invoke: Berserk           |       |     5 |     7 |     7 |     3 ||    22
         Trog's Hand       |       |       |     4 |    12 |     4 ||    20
         Brothers in Arms  |       |       |       |     1 |       ||     1
  Evoke: Lightning rod     |       |       |       |     4 |       ||     4
    Use: Scroll            |     5 |     3 |     9 |     8 |     4 ||    29
         Potion            |       |     4 |     7 |     2 |     3 ||    16
   Stab: Distracted        |       |       |     1 |       |       ||     1
         Held in net/web   |       |       |       |     1 |       ||     1
         Invisible         |       |       |       |       |     2 ||     2
 Armour: Animal skin       |    18 |       |       |       |       ||    18
         Ring mail         |     7 |       |       |       |       ||     7
         Chain mail        |    42 |    59 |   212 |   330 |   135 ||   778
  Dodge: Dodged            |    37 |    29 |   112 |   230 |    80 ||   488
  Block: Kite shield       |       |       |    42 |   389 |   166 ||   597
